 Dungeon Crawl Stone Soup version 0.29-a0-847-g24c0ca63c9 (webtiles) character file.

Game seed: 14215372108641978958

375 Malachi the Cudgeller (level 6, 0/50 HPs)
             Began as a Palentonga Fighter on July 16, 2022.
             Slain by hackon's ghost (8 damage)
             ... on level 3 of the Dungeon.
             The game lasted 00:04:39 (3275 turns).

Malachi the Cudgeller (Palentonga Fighter)          Turns: 3275, Time: 00:04:39

Health: 0/50       AC:  8    Str: 21    XL:     6   Next: 44%
Magic:  6/6        EV:  5    Int:  8    God:
Gold:   137        SH:  4    Dex: 10    Spells: 5/5 levels left

rFire   + . .      SeeInvis +   u - +2 long sword (elec)
rCold   . . .      Faith    .   c - +0 buckler
rNeg    . . .      Spirit   .   k - +0 chain mail
rPois   .          Reflect  .   (no helmet)
rElec   .          Harm     .   o - +0 cloak
rCorr   .          Rampage  .   (no gloves)
Will    .....                   (no barding)
Stlth   ..........              (no amulet)
HPRegen 0.16/turn               q - ring of protection from fire
MPRegen 0.10/turn               (no ring)

@: no status effects
A: large, rugged brown scales 3, see invisible, deformed body, roll 1, armoured
tail
a: Rolling Charge


You were on level 3 of the Dungeon.
You visited 1 branch of the dungeon, and saw 3 of its levels.

You collected 137 gold pieces.

Inventory:

Hand Weapons
 a - a +0 flail
 g - a +2 whip of venom
 s - the +10 dagger of Midwinter {venom, rPois rN+ Dex-5 SInv}
   (You found it on level 3 of the Dungeon)

   It poisons the flesh of those it strikes.
   Dex:       It affects your dexterity (-5).
   rPois:     It protects you from poison.
   rN:        It protects you from negative energy.
   SInv:      It lets you see invisible.
 u - a +2 long sword of electrocution (weapon)
Missiles
 t - 5 silver javelins
Armour
 c - a +0 buckler (worn)
 k - a +0 chain mail (worn)
 o - a +0 cloak (worn)
Jewellery
 q - a ring of protection from fire (left hand)
Wands
 d - a wand of polymorph (9)
Scrolls
 b - 2 scrolls of fear {unknown}
 e - 2 scrolls of blinking {unknown}
 h - 2 scrolls of teleportation {unknown}
 i - a scroll of enchant armour {unknown}
 j - 3 scrolls of identify {unknown}
 l - a scroll of noise {unknown}
 p - 2 scrolls of enchant weapon {unknown}
Potions
 f - 2 potions of curing {unknown}
 m - a potion of berserk rage {unknown}
 n - a potion of mutation {unknown}
 r - 2 potions of attraction {unknown}
 v - a potion of resistance


   Skills:
 - Level 3.0 Fighting
 + Level 7.0 Maces & Flails
 - Level 2.4 Armour
 - Level 2.6 Shields


You had 5 spell levels left.
You didn't know any spells.
Your spell library contained the following spells:

 Spells                   Type           Power      Damage    Failure   Level
 Dazzling Flash           Conj/Hex       0%         N/A       100%        3
 Iskenderun's Mystic Bla  Conj/Tloc      0%         2d3       100%        4
 Starburst                Conj/Fire      0%         6d3       100%        6


Dungeon Overview and Level Annotations

Branches:
Dungeon (3/15)

Altars:

Shops:
D:1 =

Annotations:
D:3 hackon's ghost, amateur HOCA


Innate Abilities, Weirdness & Mutations

You are completely covered in rugged brown scales. (AC +3, +7% HP)
You have supernaturally acute eyesight. (SInv)
Armour fits poorly on your strangely shaped body.
You can roll at nearby foes to attack.
You have a long armoured tail.


Message History

You hit hackon's ghost.
Hackon's ghost is lightly damaged.
Hackon's ghost hits you.
You closely miss hackon's ghost.
Hackon's ghost is lightly damaged.
Hackon's ghost hits you but does no damage.
Hackon's ghost hits you! Hackon's ghost burns you.
You hit hackon's ghost.
Hackon's ghost is moderately damaged.
Hackon's ghost hits you! Hackon's ghost burns you.
You closely miss hackon's ghost.
You tail-slap hackon's ghost, but do no damage.
Hackon's ghost is moderately damaged.
You block hackon's ghost's attack. Hackon's ghost barely misses you.
You hit hackon's ghost.
Hackon's ghost is moderately damaged.
Hackon's ghost barely misses you.
You hit hackon's ghost.
Lightning courses through hackon's ghost!
Your tail-slap misses hackon's ghost.
Hackon's ghost is severely damaged.
Hackon's ghost hits you.
You hit hackon's ghost but do no damage.
Hackon's ghost is severely damaged.
Hackon's ghost hits you but does no damage.
Hackon's ghost hits you!
You hit hackon's ghost but do no damage.
Hackon's ghost is severely damaged.
Hackon's ghost hits you.
* * * LOW HITPOINT WARNING * * *
You closely miss hackon's ghost.
Your tail-slap misses hackon's ghost.
Hackon's ghost is severely damaged.
Hackon's ghost hits you!
* * * LOW HITPOINT WARNING * * *
Hackon's ghost barely misses you.
You hit hackon's ghost.
Lightning courses through hackon's ghost!
Hackon's ghost is almost destroyed.
Hackon's ghost hits you!
You die...

##### ###≈#≈###
#.#.≈?..## #.....#.#
##.$#≈⌠..# #≈≈...§§# #
############'W####.###
#........)....@.......
#<##.##(.#......##.###
#.##.##..###..#.#
#.##.##..# ##.#.#
#.##.##..# #.#.#
#........####.#.#
#..###........#.# #..#
#....#####.#
#..###..#.# <#


You could see hackon's ghost.

Vanquished Creatures
  Sigmund (D:2)
  Crazy Yiuf (D:2)
  Terence (D:2)
  Natasha (twice) (D:3)
  4 gnolls (D:2)
  2 adders (D:2)
  A worm (D:2)
  A dart slug (D:2)
  4 bats
  2 endoplasms
  4 giant cockroaches (D:1)
  3 goblins (D:1)
  6 hobgoblins
  4 jackals (D:3)
  3 quokkas
  7 ball pythons
  3 frilled lizards
  4 kobolds (D:2)
  3 rats
56 creatures vanquished.

Notes
Turn   | Place    | Note
-------+----------+-------------------------------------------
     0 | D:1      | Malachi the Palentonga Fighter began the quest for the Orb.
     0 | D:1      | Reached XP level 1. HP: 19/19 MP: 1/1
   128 | D:1      | Reached XP level 2. HP: 17/25 MP: 2/2
   480 | D:1      | Reached skill level 3 in Maces & Flails
   703 | D:1      | Found Tetu Timo's One-of-a-Kind Rings.
  1091 | D:2      | Reached XP level 3. HP: 18/31 MP: 3/3
  1323 | D:2      | Reached skill level 4 in Maces & Flails
  1612 | D:2      | Reached XP level 4. HP: 23/37 MP: 4/4
  1941 | D:2      | Noticed Sigmund
  1955 | D:2      | Killed Sigmund
  1956 | D:2      | Reached skill level 6 in Maces & Flails
  1956 | D:2      | Reached XP level 5. HP: 17/43 MP: 5/5
  2171 | D:2      | Found a runed translucent door.
  2172 | D:2      | Noticed Crazy Yiuf
  2180 | D:2      | Killed Crazy Yiuf
  2181 | D:2      | Reached XP level 6. HP: 27/50 MP: 2/6
  2705 | D:3      | Noticed Natasha
  2705 | D:3      | Noticed Terence
  2718 | D:2      | Killed Terence
  2938 | D:3      | Killed Natasha
  2953 | D:3      | Identified the +10 dagger of Midwinter {venom, rPois rN+
                  | Dex-5 SInv}
  3028 | D:3      | Found a faded altar of an unknown god.
  3061 | D:3      | Noticed Natasha
  3064 | D:3      | Killed Natasha
  3203 | D:3      | Reached skill level 7 in Maces & Flails
  3252 | D:3      | Noticed hackon's ghost (amateur HOCA)
  3253 | D:3      | Found a large runed translucent door.
  3253 | D:3      | Found a large runed translucent door.
  3275 | D:3      | Slain by hackon's ghost

Illustrated notes

Levels and vault maps discovered:
D:1:      roderic_dead_forest, layout_loops_ring, st_stairs_11,
          nicolae_shop_unique_rings, grunt_decor_resistance,
          chequers_serial_rivers_room_b
D:2:      layout_basic, nicolae_kite_square_tiling_tiny, uniq_sigmund,
          uniq_crazy_yiuf_cottage
D:3:      layout_loops_ring, basic_ecumenical_altar,
          ebering_ghost_disaster_area, uniq_natasha, uniq_terence

Skill      XL: |  1  2  3  4  5  6 |
---------------+-------------------+-----
Maces & Flails | 3 4 6 7 |  7.0
Fighting       | |  3.0
Armour         | |  2.4
Shields        | |  2.6

Action                   |  1- 3 |  4- 6 || total
-------------------------+-------+-------++-------
Melee: Flail             |    21 |       ||    21
       Tailslap          |    11 |     9 ||    20
       Whip              |    76 |    57 ||   133
       Dagger            |       |    16 ||    16
       Long sword        |       |    11 ||    11
 Abil: Rolling Charge    |     6 |    12 ||    18
  Use: Potion            |       |     1 ||     1
Armor: Scale mail        |    24 |       ||    24
       Chain mail        |    32 |    25 ||    57
Dodge: Dodged            |    25 |    13 ||    38
Block: Buckler           |    17 |     7 ||    24

Table legend: (Time is in decaauts)
 A = Elapsed time spent in this place.
 B = Non-inter-level travel time spent in this place.
 C = Inter-level travel time spent in this place.
 D = Time resting spent in this place.
 E = Time spent auto-exploring this place.
 F = Levels seen in this place.
 G = Mean time per level.
                   A        B        C        D        E       F      G
               +--------+--------+--------+--------+--------+-----+--------+
         Total |   3281 |   3232 |     49 |    676 |   2018 |   3 | 1093.7 |
       Dungeon |   3281 |   3232 |     49 |    676 |   2018 |   3 | 1093.7 |
               +--------+--------+--------+--------+--------+-----+--------+

Top non-repeatable levels by time:
     D:2: 1766 daAuts
     D:1: 1192 daAuts
     D:3: 322 daAuts
